 Dungeon Crawl Stone Soup version 0.21.0-3-g78d12a8bdd (webtiles) character file.

88379 Jannitor the Thaumaturge (level 15, -7/85 HPs)
             Began as a Vine Stalker Conjurer on Jan 10, 2018.
             Was a High Priest of Vehumet.
             Killed from afar by Frances (20 damage)
             ... with a shard of ice
             ... on level 13 of the Dungeon.
             The game lasted 01:09:10 (32665 turns).

Jannitor the Thaumaturge (Vine Stalker Conjurer)   Turns: 32665, Time: 01:09:10

Health: -7/85      AC:  9    Str: 12    XL:     15   Next: 93%
Magic:  0/43       EV: 20    Int: 24    God:    Vehumet [*****.]
Gold:   859        SH:  5    Dex: 15    Spells: 14/43 levels left

rFire    . . .     SeeInvis .   r - staff of conjuration
rCold    . . .     Gourm    .   D - +0 buckler
rNeg     . . .     Faith    .   F - +1 robe {Archmagi}
rPois    .         Spirit   +   V - +2 hat {MR+}
rElec    .         Reflect  .   P - +0 cloak
rCorr    .         Harm     .   (no gloves)
MR       ++...                  Z - +2 pair of boots
Stlth    ++........             J - amulet of regeneration
HPRegen  1.44/turn              g - ring of magical power
MPRegen  0.28/turn              s - +4 ring of intelligence

@: studying Conjurations
A: fangs 3, regeneration 2, magic shield, antimagic bite, no potion heal 3, rot
immunity
a: Renounce Religion


You were on level 13 of the Dungeon.
You worshipped Vehumet.
Vehumet was extremely pleased with you.
You were hungry.

You visited 4 branches of the dungeon, and saw 22 of its levels.
You also visited: Labyrinth and Ice Cave.

You collected 2625 gold pieces.
You spent 1766 gold pieces at shops.

Inventory:

Hand Weapons
 u - a +2 dagger of venom
Missiles
 n - 2 throwing nets (quivered)
Armour
 D - a +0 buckler (worn)
 F - a +1 robe of the Archmagi (worn)
 P - a +0 cloak (worn)
 V - a +2 hat of magic resistance (worn)
 Z - a +2 pair of boots (worn)
Magical Staves
 r - an uncursed staff of conjuration (weapon)
Jewellery
 a - the ring of Arrival {+Fly MR+ Dex+2}
   (You found it in a labyrinth)

   [ring of flight]

   It affects your dexterity (+2).
   It affects your resistance to hostile enchantments.
   It lets you fly.
 g - a ring of magical power (left hand)
 s - a +4 ring of intelligence (right hand)
 J - an amulet of regeneration (around neck)
 T - an uncursed ring of protection from cold {unknown}
 Y - a +3 ring of strength {unknown}
Wands
 f - a wand of disintegration (5)
 o - a wand of acid (9)
 t - a wand of clouds (7)
 x - a wand of enslavement (12)
 E - a wand of flame (27)
 H - a wand of paralysis (21)
 Q - a wand of iceblast (10)
Scrolls
 d - 6 scrolls of magic mapping
 l - a scroll of fear {unknown}
 w - 5 scrolls of identify
 y - 5 scrolls of fog
 L - 5 scrolls of remove curse
 N - 3 scrolls of vulnerability
 O - a scroll of amnesia
 R - 4 scrolls of teleportation
 U - 3 scrolls of enchant armour
 W - 2 scrolls of blinking
Potions
 e - 5 potions of lignification
 h - a potion of mutation
 i - 2 potions of magic
 j - a potion of cancellation
 k - 2 potions of resistance
 m - 6 potions of curing
 p - 2 potions of invisibility
 v - 2 potions of flight
 z - 4 potions of agility
 A - 3 potions of berserk rage
 B - 3 potions of might
 C - 2 potions of haste
 G - 3 potions of brilliance
 K - a potion of ambrosia
Books
 b - Niukk's Catalogue of Dusty Envenoming
   (You found it on level 6 of the Lair of Beasts)

   Spells                             Type                      Level
   a - Poisonous Vapours              Poison/Air                   2
   b - Olgreb's Toxic Radiance        Poison                       4
   c - Bolt of Magma                  Conjuration/Fire/Earth       5
   d - Iron Shot                      Conjuration/Earth            6
 q - a book of Power

   Spells                             Type                      Level
   a - Iskenderun's Battlesphere      Conjuration/Charms           5
   b - Venom Bolt                     Conjuration/Poison           5
   c - Bolt of Magma                  Conjuration/Fire/Earth       5
   d - Iron Shot                      Conjuration/Earth            6
   e - Orb of Destruction             Conjuration                  7
   f - Spellforged Servitor           Conjuration/Summoning        7
 S - a book of Ice

   Spells                             Type                      Level
   a - Ice Form                       Ice/Transmutation            4
   b - Metabolic Englaciation         Hexes/Ice                    5
   c - Ozocubu's Refrigeration        Ice                          6
   d - Bolt of Cold                   Conjuration/Ice              6
   e - Freezing Cloud                 Conjuration/Ice/Air          6
   f - Simulacrum                     Ice/Necromancy               6
 X - a manual of Conjurations
Miscellaneous
 M - a lightning rod (4/4)
Comestibles
 c - 38 rations


   Skills:
 + Level 12.3 Fighting
 + Level 11.0 Dodging
 - Level 2.4 Stealth
 - Level 4.1 Shields
 + Level 14.9 Spellcasting
 + Level 13.4 Conjurations
 + Level 3.8 Summonings
 + Level 1.1 Earth Magic


You had 14 spell levels left.
You knew the following spells:

 Your Spells              Type           Power        Failure   Level  Hunger
a - Iskenderun's Mystic   Conj           ########     1%          4    None
b - Searing Ray           Conj           ######       0%          2    None
c - Iskenderun's Battles  Conj/Chrm      #######.     1%          5    ##.....
d - Force Lance           Conj/Tloc      #######.     1%          4    None
e - Apportation           Tloc           ####..       3%          1    None
f - Iron Shot             Conj/Erth      #######...   7%          6    ####...
g - Spellforged Servitor  Conj/Summ      #######...   19%         7    ######.


Dungeon Overview and Level Annotations

Branches:
Dungeon (13/15)            Temple (1/1) D:4            Lair (6/6) D:9
  Swamp (0/4) Lair:4        Snake (0/4) Lair:4        Slime (0/5) Lair:5
    Orc (2/2) D:12            Elf (0/3) Orc:2
 Vaults: D:13-14

Altars:
Ashenzari
Cheibriados
Dithmenos
Elyvilon
Fedhas
Gozag
Kikubaaqudgha
Makhleb
Nemelex Xobeh
Okawaru
Qazlal
Ru
Sif Muna
Trog
Uskayaw
Vehumet
Wu Jian
Xom
Yredelemnul
Zin
The Shining One
Beogh
Jiyva

Shops:
Orc:2 :(**(

Portals:
Pandemonium: Orc:2

Annotations:
D:13 Frances


Innate Abilities, Weirdness & Mutations

You have razor-sharp teeth.
You heal very quickly.
When hurt, damage is shared between your health and your magic reserves.
Your bite disrupts and absorbs the magic of your enemies.
Potions cannot restore your health.
You are immune to rotting.


Message History

Aiming: Cloud Cone
Press: ? - help, Dir - move target cursor, f/p - Frances
Aim: Frances, wielding a short sword and wearing a chain mail (almost dead, fast)
You create a blast of flame!
Frances is engulfed in blazing flames.
Frances screams a word of power!
The shard of ice misses you.
Frances is engulfed in blazing flames.
Frances screams a word of power!
The iron shot hits you!
* * * LOW HITPOINT WARNING * * *
Unknown command.
Unknown command.
Unknown command.
Press: ? - help, v - describe, . - travel
Here: Frances, wielding a short sword and wearing a chain mail (flame, almost dead, fast)
The floor, spattered with blood.
Unknown command.
Frances is engulfed in blazing flames.
Frances screams a word of power!
The shard of ice hits you!
You die...

.####.#.............#
...#.....##.#.......#
##.....####.........#
.........###........#
..#................>#
###........##.####.##
.........##.###..#
..........##.....##
.###.#.#..####.@##
.#.##. #...# #.#§#
#..#§§ #.###§# .. @#
... §# #... .# .#


You could see Frances.

Vanquished Creatures
  Gastronok (Lair:3)
  An orc warlord (Orc:2)
  A frost giant (IceCv)
  4 dire elephants (Lair:6)
  A minotaur (Lab)
  Snorg (Lair:4)
  8 hydras
  A catoblepas (Lair:6)
  An anaconda (Lair:6)
  5 two-headed ogres
  2 death yaks (IceCv)
  7 orc high priests (Orc:2)
  An unseen horror (D:12)
  An infernal demonspawn (Orc:2)
  2 gelid demonspawn (Orc:2)
  5 orc knights (Orc:2)
  7 ugly things
  5 orc sorcerers (Orc:2)
  The ghost of Anaz the Basher, a novice HuSk (D:4)
  A manticore (D:13)
  14 elephants
  2 cyclopes
  A rust devil (Orc:2)
  2 orange demons (Orc:2)
  7 black mambas
  An ice statue (IceCv)
  Psyche (D:8)
  A smoke demon (Orc:2)
  13 spiny frogs
  A gargoyle (D:11)
  4 rime drakes
  12 komodo dragons
  2 kobold demonologists (D:11)
  A hellwing (Orc:2)
  A troll (Orc:1)
  17 polar bears
  7 hippogriffs
  2 dream sheep (D:9)
  17 blink frogs
  A shadow (D:13)
  A vampire (D:10)
  A ynoxinul (Orc:2)
  Sigmund (D:5)
  58 yaks
  3 basilisks
  5 hungry ghosts
  3 wargs
  11 water moccasins
  2 soldier ants
  13 porcupines
  An ice beast (D:5)
  39 orc warriors
  2 black bears
  An eye of draining (D:11)
  7 sky beasts
  3 phantoms
  7 centaurs
  A necrophage (D:7)
  7 ogres
  31 wolves
  16 crocodiles
  10 bullfrogs
  5 big kobolds
  A wyvern zombie (D:12)
  A gnoll sergeant (Orc:1)
  3 scorpions
  3 killer bees (D:8)
  An electric eel (Lair:6)
  A howler monkey (D:6)
  5 wights (D:10)
  A jelly (D:12)
  2 bullfrog zombies
  3 quasits
  6 crimson imps
  A centaur skeleton (D:7)
  3 centaur zombies
  4 hounds
  26 orc priests
  Terence (D:2)
  5 iguanas
  10 orc wizards
  7 worker ants
  2 hound zombies
  4 hound skeletons
  A howler monkey zombie (D:5)
  A worker ant zombie (D:11)
  2 howler monkey skeletons
  3 gnolls (Orc:1)
  18 adders
  6 shadow imps
  2 oozes
  An adder zombie (D:9)
  2 adder skeletons
  2 worms
  2 dart slugs
  7 leopard geckos
  99 orcs
  2 ball pythons
  10 bats
  2 giant cockroaches
  7 goblins
  7 hobgoblins
  8 jackals
  15 kobolds
  8 quokkas
  6 frilled lizards
  A leopard gecko skeleton (D:7)
  7 rats
  A fungus (Lair:5)
  3 plants
704 creatures vanquished.

Vanquished Creatures (others)
  6 fungi
  14 plants
  5 toadstools (D:1)
25 creatures vanquished.

Grand Total: 729 creatures vanquished

Notes
Turn   | Place    | Note
-------+----------+-------------------------------------------
     0 | D:1      | Jannitor the Vine Stalker Conjurer began the quest for the Orb.
     0 | D:1      | Reached XP level 1. HP: 9/9 MP: 4/4
   213 | D:1      | Reached XP level 2. HP: 7/13 MP: 2/6
   755 | D:1      | Reached XP level 3. HP: 16/16 MP: 5/8
   758 | D:1      | Reached skill level 3 in Spellcasting
  1093 | D:2      | Noticed Terence
  1470 | D:2      | Found a white marble altar of Elyvilon.
  1499 | D:2      | Gained mutation: Your natural rate of healing is unusually fast. [Vine Stalker growth]
  1499 | D:2      | Reached XP level 4. HP: 21/21 MP: 6/10
  1655 | D:2      | Killed Terence
  1655 | D:2      | Reached skill level 5 in Conjurations
  1726 | D:2      | Learned a level 2 spell: Searing Ray
  1936 | D:2      | Found a basalt altar of Yredelemnul.
  2244 | D:3      | Reached XP level 5. HP: 24/24 MP: 8/11
  2334 | D:2      | Reached skill level 4 in Spellcasting
  2696 | D:3      | Found an iron altar of Okawaru.
  3644 | D:4      | Reached XP level 6. HP: 25/28 MP: 11/14
  3815 | D:4      | Reached skill level 5 in Spellcasting
  3819 | D:4      | Noticed Anaz's ghost (novice HuSk)
  4020 | D:4      | Found a staircase to the Ecumenical Temple.
  4195 | D:4      | Killed Anaz's ghost
  4195 | D:4      | Reached skill level 6 in Spellcasting
  4195 | D:4      | Reached XP level 7. HP: 32/32 MP: 13/17
  4693 | D:5      | Entered Level 5 of the Dungeon
  4754 | D:5      | Gained mutation: You have razor-sharp teeth. [Vine Stalker growth]
  4754 | D:5      | Reached XP level 8. HP: 36/36 MP: 11/18
  4908 | D:5      | Reached skill level 7 in Spellcasting
  5186 | D:5      | Found an ancient bone altar of Kikubaaqudgha.
  5188 | D:5      | Found a deep blue altar of Sif Muna.
  5225 | D:5      | Found a shadowy altar of Dithmenos.
  5225 | D:5      | Found a stormy altar of Qazlal.
  5526 | D:5      | Noticed Sigmund
  5533 | D:5      | Killed Sigmund
  6079 | D:6      | Reached skill level 1 in Shields
  6193 | D:6      | Reached skill level 1 in Fighting
  6399 | D:6      | Reached skill level 8 in Spellcasting
  6399 | D:6      | Reached XP level 9. HP: 41/41 MP: 22/22
  7087 | D:7      | Learned a level 4 spell: Iskenderun's Mystic Blast
  8236 | D:8      | Found a hide-covered altar of Uskayaw.
  8669 | D:8      | Noticed Psyche
  8672 | D:8      | Killed Psyche
  8672 | D:8      | Reached skill level 9 in Spellcasting
  8672 | D:8      | Reached XP level 10. HP: 49/49 MP: 23/24
  8979 | D:8      | Found a burning altar of Makhleb.
  8979 | D:8      | Found a shimmering altar of Xom.
  9122 | Temple   | Entered the Ecumenical Temple
  9152 | Temple   | Became a worshipper of Vehumet
  9571 | D:9      | Reached skill level 10 in Conjurations
  9845 | D:9      | Reached skill level 5 in Fighting
 10037 | D:9      | Noticed a two-headed ogre
 10040 | D:9      | Killed a two-headed ogre
 10341 | D:9      | Reached * piety under Vehumet
 10341 | D:9      | Offered knowledge of Freeze by Vehumet.
 10470 | D:9      | Reached skill level 10 in Spellcasting
 10604 | D:9      | Reached XP level 11. HP: 56/56 MP: 26/26
 10695 | D:9      | Found a staircase to the Lair.
 11261 | D:9      | Noticed a two-headed hydra
 11266 | D:9      | Killed a two-headed hydra
 11922 | D:10     | Entered Level 10 of the Dungeon
 12061 | D:10     | Noticed a two-headed ogre
 12089 | D:9      | Learned a level 4 spell: Force Lance
 12263 | D:10     | Killed a two-headed ogre
 12561 | D:10     | Offered knowledge of Throw Frost by Vehumet.
 12624 | D:10     | Reached ** piety under Vehumet
 13081 | D:11     | Noticed a white ugly thing
 13086 | D:11     | Killed a white ugly thing
 13317 | D:11     | Reached skill level 5 in Dodging
 13988 | Lair:1   | Entered Level 1 of the Lair of Beasts
 14030 | Lair:1   | Offered knowledge of Stone Arrow by Vehumet.
 14033 | Lair:1   | Reached skill level 11 in Spellcasting
 14034 | Lair:1   | Gained mutation: You heal very quickly. [Vine Stalker growth]
 14034 | Lair:1   | Reached XP level 12. HP: 49/63 MP: 12/28
 15033 | Lair:2   | Noticed an eight-headed hydra
 15040 | Lair:2   | Killed an eight-headed hydra
 15344 | Lair:2   | Reached *** piety under Vehumet
 16199 | Lair:2   | Noticed an eight-headed hydra
 16203 | Lair:2   | Killed an eight-headed hydra
 16459 | Lair:3   | Found a frozen archway.
 16613 | IceCv    | Entered an ice cave
 16630 | IceCv    | Offered knowledge of Mephitic Cloud by Vehumet.
 17054 | IceCv    | Reached XP level 13. HP: 69/69 MP: 10/29
 17073 | IceCv    | Reached skill level 12 in Spellcasting
 17739 | IceCv    | Reached **** piety under Vehumet
 18173 | IceCv    | Offered knowledge of Iskenderun's Battlesphere by Vehumet.
 18180 | IceCv    | Learned a level 5 spell: Iskenderun's Battlesphere
 18460 | IceCv    | Noticed a frost giant
 18472 | IceCv    | Killed a frost giant
 19380 | Lair:3   | Noticed Gastronok
 19386 | Lair:3   | Killed Gastronok
 20505 | Lair:4   | Reached ***** piety under Vehumet
 20505 | Lair:4   | Reached skill level 10 in Fighting
 20506 | Lair:4   | Reached skill level 13 in Spellcasting
 20509 | Lair:4   | Offered knowledge of Bolt of Magma by Vehumet.
 20529 | Lair:4   | Found a labyrinth entrance.
 20538 | Lab      | Entered a labyrinth
 21078 | Lab      | Noticed a minotaur
 21084 | Lab      | Killed a minotaur
 21084 | Lab      | Reached XP level 14. HP: 77/77 MP: 18/32
 21096 | Lab      | Identified the ring of Arrival {+Fly MR+ Dex+2} (You found it in a labyrinth)
 21746 | Lair:4   | Noticed Snorg
 21759 | Lair:4   | Killed Snorg
 21904 | Lair:4   | Found a staircase to the Swamp.
 21926 | Lair:4   | Found a staircase to the Snake Pit.
 22183 | Lair:4   | Learned a level 1 spell: Apportation
 22955 | Lair:5   | Found a viscous altar of Jiyva.
 22962 | Lair:5   | Found a staircase to the Slime Pits.
 23582 | Lair:5   | Offered knowledge of Airstrike by Vehumet.
 24018 | Lair:6   | Entered Level 6 of the Lair of Beasts
 24169 | Lair:6   | Reached skill level 14 in Spellcasting
 24573 | Lair:6   | Reached skill level 10 in Dodging
 25745 | Lair:6   | Noticed a dire elephant
 25745 | Lair:6   | Noticed a dire elephant
 25758 | Lair:6   | Killed a dire elephant
 25760 | Lair:6   | Killed a dire elephant
 25815 | Lair:6   | Noticed a dire elephant
 25822 | Lair:6   | Killed a dire elephant
 25822 | Lair:6   | Reached XP level 15. HP: 83/83 MP: 13/34
 25943 | Lair:6   | Identified Niukk's Catalogue of Dusty Envenoming
 25959 | Lair:6   | Learned a level 6 spell: Iron Shot
 27646 | D:12     | Found a roughly hewn altar of Beogh.
 27646 | D:12     | Found a staircase to the Orcish Mines.
 27741 | D:12     | Offered knowledge of Poison Arrow by Vehumet.
 27987 | D:12     | Learned a level 7 spell: Spellforged Servitor
 28387 | Orc:1    | Entered Level 1 of the Orcish Mines
 29062 | Orc:2    | Entered Level 2 of the Orcish Mines
 29062 | Orc:2    | Found Teysea's Weapon Emporium.
 29121 | Orc:2    | Noticed an orc warlord
 29127 | Orc:2    | Killed an orc warlord
 29127 | Orc:2    | Reached skill level 1 in Summonings
 29898 | Orc:2    | Found a roughly hewn altar of Beogh.
 30012 | Orc:2    | Found a staircase to the Elven Halls.
 30512 | Orc:2    | Found Ezewkuan's General Store.
 30514 | Orc:2    | Found Ihonick's General Store.
 32133 | Orc:2    | Found Mienwatt's Antique Weapon Emporium.
 32133 | Orc:2    | Found Xaqiu's Book Shoppe.
 32134 | Orc:2    | Found a one-way gate leading to the halls of Pandemonium.
 32138 | Orc:2    | Bought a manual of Conjurations for 1766 gold pieces
 32389 | D:13     | Offered knowledge of Irradiate by Vehumet.
 32611 | D:13     | Reached skill level 1 in Earth Magic
 32659 | D:13     | Noticed Frances
 32665 | D:13     | Killed from afar by Frances

Skill      XL: |  1  2  3  4  5  6  7  8  9 10 11 12 13 14 15 |
---------------+----------------------------------------------+-----
Spellcasting   | 3 4 6 8 9 10 11 13 14 | 14.9
Conjurations   | 5 7 8 9 10 11 12 13 | 13.4
Shields        | 1 4 |  4.1
Fighting       | 1 4 5 7 8 10 11 12 | 12.3
Dodging        | 3 5 7 8 10 11 | 11.0
Summonings     | 3 |  3.8
Earth Magic    | 1 |  1.1
Stealth        | |  2.4

Action                   |  1- 3 |  4- 6 |  7- 9 | 10-12 | 13-15 || total
-------------------------+-------+-------+-------+-------+-------++-------
Melee: Unarmed           |     5 |       |       |       |       ||     5
       Bite              |     2 |       |       |       |    44 ||    46
       Dagger            |       |       |       |       |    23 ||    23
       Staff             |       |       |       |       |    54 ||    54
 Cast: Magic Dart        |    67 |   121 |   183 |     2 |       ||   373
       Searing Ray       |       |     7 |    15 |     5 |     3 ||    30
       Iskenderun's Myst |       |       |    48 |   277 |   673 ||   998
       Force Lance       |       |       |       |     7 |    19 ||    26
       Iskenderun's Batt |       |       |       |       |    53 ||    53
       Iron Shot         |       |       |       |       |     1 ||     1
Evoke: Lightning rod     |       |       |       |     4 |     2 ||     6
       Wand              |       |       |       |       |    11 ||    11
  Use: Scroll            |       |    10 |     2 |    21 |     3 ||    36
       Potion            |       |       |       |     1 |     2 ||     3
  Eat: Chunk             |     2 |     5 |    13 |    22 |    42 ||    84
       Ration            |       |     1 |     1 |     2 |     3 ||     7
Armor: Robe              |     2 |     5 |    13 |     8 |    23 ||    51
Dodge: Dodged            |     5 |    23 |    37 |    55 |   152 ||   272
Block: Buckler           |       |       |     5 |    12 |    49 ||    66
